 Dungeon Crawl Stone Soup version 0.27-a0-457-gba82baf56e (webtiles) character file.

Game seed: 7028334958381875234

2532 Nattfarinn the Arsonist (level 9, -2/57 HPs)
             Began as a Demonspawn Fire Elementalist on Feb 28, 2021.
             Was a Follower of Vehumet.
             Hit by a boomerang thrown by an orc warrior (9 damage)
             ... on level 8 of the Dungeon.
             The game lasted 00:17:44 (9990 turns).

Nattfarinn the Arsonist (DsFE)                      Turns: 9990, Time: 00:17:45

Health: -2/57      AC:  4    Str:  8    XL:     9   Next: 30%
Magic:  10/16      EV: 11    Int: 25    God:    Vehumet [*.....]
Gold:   223        SH:  0    Dex: 10    Spells: 13/18 levels left

rFire    . . .     SeeInvis .   q - +6 short sword of the Wilderness {vorpal, +Blink rPois Int+5 Dex-4}
rCold    + . .     Faith    .   (no shield)
rNeg     . . .     Spirit   .   p - +1 leather armour {rC+}
rPois    +         Reflect  .   (helmet restricted)
rElec    .         Harm     .   (no cloak)
rCorr    .         Rampage  .   (no gloves)
Will     .....                  (no boots)
Stlth    +.........             (no amulet)
HPRegen  0.19/turn              (no ring)
MPRegen  0.30/turn              (no ring)

@: no status effects
A: horns 2, magic regeneration, demonic magic 3
a: Renounce Religion, Evoke Blink


You were on level 8 of the Dungeon.
You worshipped Vehumet.
Vehumet was aware of your devotion.
You visited 2 branches of the dungeon, and saw 9 of its levels.

You collected 223 gold pieces.

Inventory:

Hand Weapons
 c - a +0 dagger of venom
 q - the +6 short sword of the Wilderness (weapon) {vorpal, +Blink rPois Int+5 Dex-4}
   (You found it on level 5 of the Dungeon)

   It inflicts extra damage upon your enemies.
   It affects your intelligence (+5).
   It affects your dexterity (-4).
   It protects you from poison.
   It lets you blink.
Armour
 a - a +0 robe
 p - a +1 leather armour of cold resistance (worn)
Jewellery
 w - a ring of resist corrosion
Scrolls
 b - a scroll of immolation
 d - a scroll of fear
 f - a scroll of magic mapping
 k - a scroll of enchant weapon
 o - a scroll of noise {unknown}
 s - 2 scrolls of random uselessness
 u - 2 scrolls of teleportation
 v - a scroll of identify
Potions
 e - 2 potions of cancellation
 g - 7 potions of curing
 h - 2 potions of ambrosia
 i - 5 potions of haste
 j - 2 potions of degeneration
 l - 2 potions of heal wounds
 m - a potion of lignification {unknown}
 n - 2 potions of mutation
 r - a potion of attraction {unknown}
 t - a potion of resistance {unknown}


   Skills:
 - Level 1.7 Dodging
 - Level 1.7 Stealth
 - Level 5.1 Spellcasting
 - Level 5.1 Conjurations
 * Level 9.9 Fire Magic


You had 13 spell levels left.
You knew the following spells:

 Your Spells              Type           Power        Failure   Level
a - Foxfire               Conj/Fire      100%         1%          1
b - Sticky Flame          Conj/Fire      43%          5%          4

Your spell library contained the following spells:

 Spells                   Type           Power        Failure   Level
 Freeze                   Ice            24%          12%         1
 Conjure Flame            Conj/Fire      43%          1%          3
 Inner Flame              Hex/Fire       31%          4%          3
 Fireball                 Conj/Fire      21%          16%         5


Dungeon Overview and Level Annotations

Branches:
Dungeon (8/15)             Temple (1/1) D:5
   Lair: D:8-11

Altars:
Ashenzari
Dithmenos
Fedhas
Hepliaklqana
Kikubaaqudgha
Nemelex Xobeh
Okawaru
Qazlal
Ru
Sif Muna
Vehumet
Xom
The Shining One

Shops:
D:4 (


Innate Abilities, Weirdness & Mutations

You have a pair of horns on your head.
You regenerate magic rapidly.
Spells you cast and wands you use may paralyse nearby enemies.


Message History

Beogh smites you!
You conjure some foxfire!
Malevolent energies surge around you.
The orc priest mumbles some strange prayers to Beogh against you.
Beogh smites you!
* * * LOW HITPOINT WARNING * * *
You are too injured to fight recklessly!
You are too injured to fight recklessly!
Your foxfire dissipates!
The foxfire hits the orc warrior but does no damage.
The orc warrior is almost dead.
The foxfire hits the orc warrior but does no damage.
The orc warrior is almost dead.
You are too injured to fight recklessly!
Unknown command.
Casting: Foxfire (safe; 1% risk of failure)
Confirm with . or Enter, or press ? or * to list all spells.
You conjure some foxfire!
Malevolent energies surge around you.
The orc priest suddenly stops moving!
The orc warrior is no longer paralysed.
You are too injured to fight recklessly!
Your foxfire dissipates!
The foxfire hits the orc priest.
The orc priest is moderately wounded.
A wight comes into view. It is wielding a +3 battleaxe.
The helpless orc priest fails to defend itself.
You hit the orc priest. You headbutt the orc priest.
You kill the orc priest!
Vehumet accepts your kill.
The orc warrior throws a boomerang.
The boomerang hits you!
* * * LOW HITPOINT WARNING * * *
A wight comes into view. It is wielding a +0 falchion.
Found a robe.
Casting: Foxfire (safe; 1% risk of failure)
Confirm with . or Enter, or press ? or * to list all spells.
You conjure some foxfire!
Malevolent energies surge around you.
The foxfire hits the orc warrior but does no damage.
The orc warrior is almost dead.
The foxfire hits the orc warrior but does no damage.
The orc warrior is almost dead.
The orc warrior throws a boomerang.
The boomerang hits you!
You die...

#. .. ######## ..
......# ##z##.#####
#..o....?.#
.########.#o###.#.#
.......<..#.# #[#
..#.......#o###§#
#...###...#.o.§@#
##. #...#######
#...# ....# ###...
#.###


You could see an orc warrior and an orc.

Vanquished Creatures
  3 sky beasts
  3 orc warriors
  An ice beast (D:7)
  3 ogres
  2 centaurs
  A phantom (D:5)
  A bullfrog (D:7)
  A water moccasin zombie (D:7)
  A killer bee (D:7)
  A scorpion (D:5)
  A wight (D:8)
  4 howler monkeys
  A bullfrog zombie (D:5)
  2 hounds
  A gnoll shaman (D:4)
  8 orc priests
  3 iguanas
  7 orc wizards
  A worker ant (D:5)
  3 hound zombies
  7 gnolls
  6 adders
  2 white imps
  2 ufetubi
  3 oozes
  2 adder skeletons
  2 worms
  2 dart slugs
  6 leopard geckos
  32 orcs
  5 giant cockroaches
  6 hobgoblins
  7 jackals
  4 kobolds
  6 quokkas
  2 ball pythons
  9 bats
  6 frilled lizards
  8 goblins
  A quokka skeleton (D:6)
  A quokka zombie (D:7)
  7 rats
174 creatures vanquished.

Vanquished Creatures (collateral kills)
  15 foxfires (D:6)
15 creatures vanquished.

Vanquished Creatures (others)
  775 foxfires
  3 fungi (D:3)
  5 toadstools (D:3)
783 creatures vanquished.

Grand Total: 972 creatures vanquished

Notes
Turn   | Place    | Note
-------+----------+-------------------------------------------
     0 | D:1      | Nattfarinn the Demonspawn Fire Elementalist began the quest
                  | for the Orb.
     0 | D:1      | Reached XP level 1. HP: 13/13 MP: 3/3
   332 | D:1      | Gained mutation: Spells you cast may paralyse adjacent
                  | enemies. [demonic ancestry]
   332 | D:1      | Reached XP level 2. HP: 19/19 MP: 3/5
  1254 | D:2      | Reached XP level 3. HP: 24/24 MP: 0/7
  3208 | D:3      | Gained mutation: You have a pair of small horns on your
                  | head. [demonic ancestry]
  3208 | D:3      | Reached XP level 4. HP: 21/30 MP: 5/8
  3311 | D:3      | Found a sacrificial altar of Ru.
  3546 | D:3      | Gained mutation: Spells you cast may paralyse nearby
                  | enemies. [demonic ancestry]
  3546 | D:3      | Reached XP level 5. HP: 35/35 MP: 1/10
  3551 | D:3      | Found an iron altar of Okawaru.
  3727 | D:3      | You fall into a shaft and drop 1 floor!
  4285 | D:4      | Reached XP level 6. HP: 41/41 MP: 0/12
  4960 | D:4      | Identified the +4 robe of Soxtan {rElec rN+ Will++ Str-5}
  5061 | D:4      | Identified the +0 tower shield "Luphufa" {Rampage}
  5067 | D:4      | Reached skill level 5 in Conjurations
  5174 | D:4      | Reached skill level 5 in Spellcasting
  5207 | D:4      | Found Oppaliomm's Antique Weapon Emporium.
  5592 | D:5      | Entered Level 5 of the Dungeon
  5781 | D:5      | Noticed an orc warrior
  5785 | D:5      | Noticed a sky beast
  5806 | D:4      | Gained mutation: You have a pair of horns on your head.
                  | [demonic ancestry]
  5806 | D:4      | Reached XP level 7. HP: 39/46 MP: 6/14
  5901 | D:5      | Reached skill level 3 in Fire Magic
  6025 | D:5      | Reached skill level 4 in Fire Magic
  6427 | D:5      | Reached skill level 5 in Fire Magic
  6734 | D:5      | Gained mutation: You regenerate magic rapidly. [demonic
                  | ancestry]
  6734 | D:5      | Reached XP level 8. HP: 52/52 MP: 7/15
  6836 | D:5      | Reached skill level 6 in Fire Magic
  6976 | D:5      | Identified the +6 short sword of the Wilderness {vorpal,
                  | +Blink rPois Int+5 Dex-4}
  7156 | D:5      | Found a staircase to the Ecumenical Temple.
  7162 | Temple   | Entered the Ecumenical Temple
  7200 | Temple   | Became a worshipper of Vehumet
  7456 | D:6      | Reached skill level 7 in Fire Magic
  7521 | D:6      | Found a glowing golden altar of the Shining One.
  7627 | D:6      | Learned a level 4 spell: Sticky Flame
  8372 | D:7      | Reached skill level 8 in Fire Magic
  8527 | D:7      | Identified the +2 chain mail "Idom" {rF+}
  8755 | D:7      | Gained mutation: Spells you cast and wands you use may
                  | paralyse nearby enemies. [demonic ancestry]
  8755 | D:7      | Reached XP level 9. HP: 57/57 MP: 11/16
  8763 | D:7      | Reached skill level 9 in Fire Magic
  8776 | D:7      | Reached * piety under Vehumet
  8776 | D:7      | Offered knowledge of Freeze by Vehumet.
  9990 | D:8      | Hit by a boomerang thrown by an orc warrior

Illustrated notes

Levels and vault maps discovered:
D:1:      saegor_arrival_simple_b, layout_basic
D:2:      layout_basic, minmay_cut_off
D:3:      layout_basic, okawaru_altar_gauntlet_db, minmay_gold_behind_fungi,
          nicolae_ru_great_annihilating_truth
D:4:      layout_loops_ring, serial_shops, kennysheep_mini, wad_orctagon
D:5:      layout_loops_ring, minmay_temple_entry_hall
D:6:      layout_loops_ring, corexii_checkpoint_a, minmay_hedge_maze,
          nicolae_tso_carved_into_rock
D:7:      layout_basic, kennysheep_generic_room_2
D:8:      layout_loops_ring, serial_shops, nicolae_shop_waterfront,
          chequers_arboretum, minmay_circle_x, uniq_psyche
Temple:   compressed_dpeg_triangle_lava_temple

Skill      XL: |  1  2  3  4  5  6  7  8  9 |
---------------+----------------------------+-----
Conjurations   | 2 3 4 5 |  5.1
Spellcasting   | 3 4 5 |  5.1
Fire Magic     | 5 8 9 |  9.9
Dodging        | |  1.7
Stealth        | |  1.7

Action                   |  1- 3 |  4- 6 |  7- 9 || total
-------------------------+-------+-------+-------++-------
Melee: Unarmed           |    59 |     1 |       ||    60
       Dagger            |       |    65 |    19 ||    84
       Headbutt          |       |     9 |    15 ||    24
       Short sword       |       |       |    69 ||    69
 Cast: Foxfire           |   125 |   173 |   295 ||   593
       Sticky Flame      |       |       |     1 ||     1
  Use: Scroll            |     4 |       |    10 ||    14
       Potion            |       |       |     2 ||     2
 Stab: Paralysed         |    16 |     7 |    32 ||    55
       Sleeping          |     1 |       |       ||     1
Armor: Robe              |     4 |     3 |     2 ||     9
       Leather armour    |       |       |     7 ||     7
Dodge: Dodged            |    47 |    26 |    51 ||   124

Table legend: (Time is in decaauts)
 A = Elapsed time spent in this place.
 B = Non-inter-level travel time spent in this place.
 C = Inter-level travel time spent in this place.
 D = Time resting spent in this place.
 E = Time spent auto-exploring this place.
 F = Levels seen in this place.
 G = Mean time per level.
                   A        B        C        D        E       F      G
               +--------+--------+--------+--------+--------+-----+--------+
         Total |  10001 |   9643 |    358 |   2499 |   5719 |   9 | 1111.2 |
       Dungeon |   9947 |   9604 |    343 |   2499 |   5684 |   8 | 1243.4 |
        Temple |     53 |     38 |     15 |      0 |     35 |   1 |   53.0 |
               +--------+--------+--------+--------+--------+-----+--------+

Top non-repeatable levels by time:
     D:2: 2121 daAuts
     D:4: 2108 daAuts
     D:7: 1594 daAuts
     D:5: 1561 daAuts
     D:1: 1227 daAuts
     D:6: 919 daAuts
     D:3: 380 daAuts
  Temple: 53 daAuts
     D:8: 35 daAuts
